 Dungeon Crawl Stone Soup version 0.27.1-36-g1b1ada6b1e (webtiles) character file.

Game seed: 14278642820727513808

2 KleinerIrrer the Sneak (level 1, -1/16 HPs)
             Began as an Octopode Delver on Feb 4, 2023.
             Slain by an iguana (15 damage)
             ... on level 5 of the Dungeon.
             The game lasted 00:00:41 (82 turns).

KleinerIrrer the Sneak (Octopode Delver)              Turns: 82, Time: 00:00:41

Health: -1/16      AC:  1    Str: 11    XL:     1   Next: 40%
Magic:  1/1        EV: 13    Int: 12    God:
Gold:   0          SH:  0    Dex: 13    Spells: 0/0 levels left

rFire    . . .     SeeInvis .     - Unarmed
rCold    . . .     Faith    .   (no shield)
rNeg     . . .     Spirit   .   (helmet restricted)
rPois    .         Reflect  .   (no amulet)
rElec    .         Harm     .   (no ring)
rCorr    .         Rampage  .   (no ring)
Will     .....                  (no ring)
Stlth    ++++......             (no ring)
HPRegen  0.05/turn              (no ring)
MPRegen  0.07/turn              (no ring)
                                (no ring)
                                (no ring)

@: no status effects
A: almost no armour, amphibious, 8 rings, camouflage 1, gelatinous body 1,
(nimble swimmer 1), tentacles
a: no special abilities


You were on level 5 of the Dungeon.
You visited 1 branch of the dungeon, and saw 1 of its levels.

Inventory:

Wands
 e - a wand of digging (3)
Scrolls
 a - a scroll of fog
 b - a scroll of magic mapping
 c - a scroll of fear
 f - a scroll of acquirement {unknown}
Potions
 d - 2 potions of haste


   Skills:
 - Level 3.0 Fighting
 - Level 2.0 Dodging
 - Level 6.6 Stealth
 + Level 2.2 Unarmed Combat


You couldn't memorise any spells.
You didn't know any spells.
Your spell library was empty.

Dungeon Overview and Level Annotations

Branches:
Dungeon (5/15)
 Temple: D:4-7

Altars:


Innate Abilities, Weirdness & Mutations

You cannot wear most types of armour.
You are amphibious.
You can wear up to eight rings at the same time.
Your skin changes colour to match your surroundings (Stealth+).
Your rubbery body absorbs attacks. (AC +1, EV +1)
((You are camouflaged near water. (Stealth+)))
You have tentacles for arms and can constrict up to eight enemies at once.


Message History

Welcome, KleinerIrrer the Octopode Delver.
It is said that the Orb of Zot exists deep within this dungeon.
Press ? for a list of commands and other information.
Found a stone staircase leading down.
Found a lumpy sapphire potion.
An iguana and a sky beast come into view.
Found 11 stones.
Found a stone staircase leading down.
Found a twisted brass wand.
A scorpion comes into view.
Found a stone staircase leading down.
Found a scroll labelled QAM KISETRO.
f - a scroll labelled QAM KISETRO
Found a scroll labelled XOGU KOFOCOM.
Found a potion of haste.
Found 4 boomerangs.
A dart slug comes into view.
Found a stone staircase leading up.
You tentacle-slap the dart slug but do no damage.
You grab the dart slug. You constrict the dart slug.
The dart slug launches a dart at you. The slug dart hits you.
You tentacle-slap the dart slug but do no damage.
The dart slug is lightly wounded.
You constrict the dart slug. You tentacle-slap the dart slug.
The dart slug is heavily wounded.
You constrict the dart slug, but do no damage.
The dart slug completely misses you.
You tentacle-slap the dart slug.
The dart slug is severely wounded.
You constrict the dart slug. You tentacle-slap the dart slug.
You kill the dart slug!
An iguana comes into view.
A jackal comes into view.
You see here a potion of haste.
d - 2 potions of haste (gained 1)
The iguana bites you!
Ouch! That really hurt!
You die...

#.#...............#
......(...........#
#..............?.#
##...............#
##...............##
...................#
####............##.
...............# .###
#.##.###..##..@.## ..#
# #. ##....l#..# #.###
. #. ##....#..###...#
. .## #............##
#. .#
##............##### ..
.####....###.###.....#
.# ######........##
#....####.##(#
#........##...#
####.###......
###.....##.##...#
#..........


You could see an iguana.

Vanquished Creatures
  A dart slug (D:5)
1 creature vanquished.

Notes
Turn   | Place    | Note
-------+----------+-------------------------------------------
     0 | D:5      | KleinerIrrer the Octopode Delver began the quest for the
                  | Orb.
     0 | D:5      | Reached XP level 1. HP: 16/16 MP: 1/1
     8 | D:5      | Noticed a sky beast
     8 | D:5      | Noticed an iguana
    30 | D:5      | Noticed a scorpion
    64 | D:5      | Noticed an iguana
    82 | D:5      | Slain by an iguana

Illustrated notes

Levels and vault maps discovered:
D:5:      layout_rooms, nemelex_dance_club_becter

Action                   || total
-------------------------++-------
Melee: Unarmed           ||     5
       Constrict         ||     1
Dodge: Dodged            ||     1
